 Dungeon Crawl Stone Soup version 0.25.0-1-g7eea58d2a3 (webtiles) character file.

Game seed: 3171045814808253315

13096 Peloso the Carver (level 11, -7/84 HPs)
             Began as a Demonspawn Fighter on June 13, 2020.
             Was a High Priest of Okawaru.
             Mangled by a blink frog (12 damage)
             ... on level 2 of the Lair of Beasts.
             The game lasted 00:32:32 (15686 turns).

Peloso the Carver (Demonspawn Fighter)             Turns: 15686, Time: 00:32:32

Health: -7/84      AC: 16    Str: 20    XL:     11   Next: 71%
Magic:  0/13       EV:  7    Int: 15    God:    Okawaru [*****.]
Gold:   896        SH: 17    Dex: 14    Spells: 10/10 levels left

rFire    + . .     SeeInvis +   a - +1 long sword
rCold    x . .     Gourm    .   c - +0 tower shield
rNeg     . . .     Faith    .   Q - +0 plate armour
rPois    .         Spirit   +   y - +0 hat of Zetiewko {-Tele rElec Int+5 Dex+2}
rElec    +         Reflect  .   E - scarf {repulsion}
rCorr    .         Harm     .   z - +0 pair of gloves
MR       .....     NoTele   +   C - +0 pair of boots
Stlth    ..........             q - amulet of guardian spirit
HPRegen  0.24/turn              w - ring of see invisible
MPRegen  0.13/turn              H - ring of fire

@: repel missiles
A: claws 1, powered by death 2, sturdy frame 2
a: Heroism, Finesse, Renounce Religion


You were on level 2 of the Lair of Beasts.
You worshipped Okawaru.
Okawaru was extremely pleased with you.
You were hungry.

You visited 3 branches of the dungeon, and saw 15 of its levels.

You collected 945 gold pieces.
You spent 49 gold pieces at shops.

Inventory:

Hand Weapons
 a - a +1 long sword (weapon)
 b - a +0 whip of flaming
 O - the +9 heavy crossbow "Sniper" {vorpal, Acc+∞ SInv}
   (You found it on level 1 of the Lair of Beasts)

   Any bolt fired from it inflicts extra damage.
   It lets you see invisible.
Armour
 c - a +0 tower shield (worn)
 s - a +0 chain mail
 y - the +0 hat of Zetiewko (worn) {-Tele rElec Int+5 Dex+2}
   (Okawaru gifted it to you on level 11 of the Dungeon)

   It affects your intelligence (+5).
   It affects your dexterity (+2).
   It insulates you from electricity.
   It prevents most forms of teleportation.
 z - a +0 pair of gloves (worn)
 C - a +0 pair of boots (worn)
 E - a scarf of repulsion (worn)
 Q - a +0 plate armour (worn)
Jewellery
 q - an amulet of guardian spirit (around neck)
 w - a ring of see invisible (left hand)
 H - a ring of fire (right hand)
Wands
 r - a wand of random effects (38)
 x - a wand of digging (4)
 B - a wand of enslavement (6)
 D - a wand of paralysis (16)
 I - a wand of acid (3)
 K - a wand of polymorph (6)
 N - a wand of disintegration (11)
Scrolls
 h - a scroll of fog
 i - 2 scrolls of identify
 j - 7 scrolls of enchant weapon
 k - 3 scrolls of teleportation
 l - 7 scrolls of fear
 m - a scroll of noise
 o - 4 scrolls of blinking
 p - a scroll of summoning
 t - 4 scrolls of magic mapping
 F - a scroll of vulnerability {unknown}
 L - a scroll of acquirement {unknown}
 M - a scroll of enchant armour {unknown}
 P - 2 scrolls of amnesia
Potions
 d - a potion of might
 e - 3 potions of curing
 g - 2 potions of heal wounds
 n - 3 potions of haste
 u - a potion of brilliance
 v - 2 potions of ambrosia
 A - 4 potions of flight
 G - a potion of mutation
 J - 2 potions of stabbing {unknown}
Comestibles
 f - 27 rations
 R - 2 chunks of flesh


   Skills:
 + Level 7.3 Fighting
 + Level 10.2 Long Blades
 + Level 7.5 Armour
 + Level 4.6 Dodging
 + Level 2.1 Stealth
 + Level 9.5 Shields
 + Level 3.2 Invocations
 + Level 0.9 Evocations


You had 10 spell levels left.
You didn't know any spells.
Your spell library contained the following spells:

 Spells                   Type           Power        Failure   Level  Hunger
 Magic Dart               Conj           #...         100%        1    ##.....
 Sandblast                Erth           #.....       100%        1    ##.....
 Summon Butterflies       Summ           #.......     100%        1    ##.....
 Blink                    Tloc           N/A          100%        2    ###....
 Call Imp                 Summ           #.......     100%        2    ###....
 Passwall                 Tmut/Erth      #.......     100%        2    ###....
 Slow                     Hex            #.......     100%        2    ###....
 Call Canine Familiar     Summ           #.......     100%        3    ####...
 Conjure Flame            Conj/Fire      #.......     100%        3    ####...
 Mephitic Cloud           Conj/Pois/Air  #.......     100%        3    ####...
 Stone Arrow              Conj/Erth      #.....       100%        3    ####...
 Petrify                  Tmut/Erth      #.......     100%        4    #####..
 Summon Ice Beast         Ice/Summ       #.......     100%        4    #####..
 Lee's Rapid Deconstruct  Erth           #.........   100%        5    ######.
 Summon Mana Viper        Hex/Summ       #.......     100%        5    ######.
 Summon Hydra             Summ           #.........   100%        7    #######


Dungeon Overview and Level Annotations

Branches:
Dungeon (12/15)            Temple (1/1) D:4            Lair (2/6) D:8
  Swamp: Lair:2-4    Shoals: Lair:2-4     Snake: Lair:2-4    Spider: Lair:2-4
    Orc: D:9-12

Altars:
Dithmenos
Elyvilon
Gozag
Hepliaklqana
Kikubaaqudgha
Makhleb
Okawaru
Qazlal
Ru
Trog
Uskayaw
Vehumet
Wu Jian
Xom
Yredelemnul
Zin
The Shining One

Shops:
D:5 ?   D:7 *   D:10 ?

Annotations:
Lair:1 3 runed translucent doors, Vew Pil's ghost, journeyman DrTm
Lair:2 1 runed translucent door, Duaji's ghost, journeyman GrFi


Innate Abilities, Weirdness & Mutations

You have sharp fingernails.
You regenerate health from kills.
Your movements are less encumbered by armour. (ER -4)


Message History

Unknown command.
You closely miss the blink frog.
The blink frog is moderately wounded.
You block the blink frog's attack. x2
Unknown command.
You hit the blink frog.
The blink frog is moderately wounded.
The blink frog blinks!
You block the blink frog's attack.
Unknown command.
You slash the blink frog!
The blink frog is severely wounded.
The blink frog hits you.
* * * LOW HITPOINT WARNING * * *
The blink frog hits you but does no damage.
Unknown command.
You slash the blink frog!
You kill the blink frog!
Okawaru accepts your kill. The blink frog hits you!
You die...

.. P.. .P.. #..######
##..#.#.# #?......##
##.......###
####.....@...#
#.#....).F...# #
##.......?...#
########P......†....##
##..PP.#....†........#P
.......##..............
......####..............
......## #.............#
.......# #.............


You could see a blink frog.

Vanquished Creatures
  2 two-headed ogres
  The ghost of releu the Ruffian, a novice TrWr of Kikubaaqudgha (D:7)
  A skeletal warrior (D:11)
  An unseen horror (D:12)
  Pikel (D:7)
  A cyclops (D:10)
  Maggie (Lair:1)
  3 spiny frogs
  2 komodo dragons
  2 trolls (D:9)
  4 blink frogs (Lair:2)
  3 hippogriffs
  Eustachio (D:6)
  A wraith (D:11)
  A wyvern (D:11)
  3 yaks (D:12)
  A hungry ghost (D:10)
  A basilisk (Lair:1)
  Menkaure (D:7)
  Edmund (D:6)
  3 water moccasins (Lair:1)
  A porcupine (Lair:1)
  3 sky beasts
  An orc warrior (D:12)
  A slave (D:6)
  An ice beast (D:7)
  A black bear (D:10)
  A phantom (D:10)
  3 centaurs
  6 ogres
  3 crocodiles
  A big kobold (D:11)
  5 bullfrogs
  A water moccasin skeleton (D:6)
  4 killer bees (D:8)
  6 scorpions
  3 crimson imps
  A quasit (D:11)
  2 bullfrog zombies
  8 hounds
  5 jellies
  17 orc wizards
  Crazy Yiuf (D:5)
  4 orc priests
  2 centaur skeletons
  An iguana (D:11)
  7 worker ants
  A hound zombie (D:6)
  A hound skeleton (D:7)
  A howler monkey zombie (D:6)
  A worker ant zombie (D:9)
  4 gnolls
  A howler monkey skeleton (D:5)
  7 adders
  3 shadow imps
  8 oozes
  2 adder zombies
  An adder skeleton (D:4)
  A dart slug (D:1)
  2 leopard geckos
  34 orcs
  2 giant cockroaches (D:1)
  3 goblins
  5 hobgoblins
  11 jackals
  16 kobolds
  4 quokkas
  4 ball pythons
  A ball python zombie (D:5)
  2 bats
  3 frilled lizards
  A leopard gecko skeleton (D:4)
  A quokka skeleton (D:5)
  6 rats
  A fungus (D:2)
251 creatures vanquished.

Vanquished Creatures (others)
  A hound zombie (D:7)
  An adder (D:7)
  A shadow imp (D:7)
  A kobold (D:11)
  5 fungi
  5 toadstools (D:2)
14 creatures vanquished.

Grand Total: 265 creatures vanquished

Notes
Turn   | Place    | Note
-------+----------+-------------------------------------------
     0 | D:1      | Peloso the Demonspawn Fighter began the quest for the Orb.
     0 | D:1      | Reached XP level 1. HP: 18/18 MP: 1/1
    85 | D:1      | Gained mutation: You regenerate a little health from kills.
                  | [demonic ancestry]
    85 | D:1      | Reached XP level 2. HP: 20/24 MP: 2/2
   339 | D:1      | Reached skill level 2 in Long Blades
   654 | D:1      | Gained mutation: Your movements are slightly less
                  | encumbered by armour. (ER -2) [demonic ancestry]
   654 | D:1      | Reached XP level 3. HP: 28/29 MP: 3/3
  1656 | D:2      | HP: 1/29 [acid (3)]
  1657 | D:2      | Gained mutation: You regenerate health from kills. [demonic
                  | ancestry]
  1657 | D:2      | Reached XP level 4. HP: 2/36 MP: 4/4
  2209 | D:3      | Found a shimmering altar of Xom.
  2214 | D:3      | Found a shimmering altar of Xom.
  2215 | D:3      | Found a shimmering altar of Xom.
  2215 | D:3      | Found a shimmering altar of Xom.
  2216 | D:3      | Found a shimmering altar of Xom.
  2216 | D:3      | Found a shimmering altar of Xom.
  2218 | D:3      | Found a shimmering altar of Xom.
  2286 | D:3      | Reached skill level 3 in Long Blades
  2515 | D:3      | Gained mutation: You have sharp fingernails. [demonic
                  | ancestry]
  2515 | D:3      | Reached XP level 5. HP: 25/41 MP: 3/5
  3109 | D:4      | Reached skill level 4 in Long Blades
  3109 | D:4      | Reached XP level 6. HP: 45/48 MP: 6/6
  3183 | D:4      | Reached skill level 1 in Dodging
  3515 | D:4      | Found a staircase to the Ecumenical Temple.
  3542 | Temple   | Entered the Ecumenical Temple
  3666 | Temple   | Became a worshipper of Warmaster Okawaru
  4017 | D:5      | Entered Level 5 of the Dungeon
  4079 | D:5      | Reached XP level 7. HP: 54/54 MP: 4/7
  4573 | D:5      | HP: 2/54 [centaur (4)]
  4579 | D:5      | HP: 2/54 [centaur (2)]
  4582 | D:5      | Reached * piety under Okawaru
  4947 | D:5      | Reached skill level 5 in Long Blades
  4971 | D:5      | Found a glowing silver altar of Zin.
  4971 | D:5      | Found an opulent altar of Gozag.
  5155 | D:5      | Found Genup's Magic Scroll Boutique.
  5282 | D:5      | Found a runed translucent door.
  5283 | D:5      | Noticed Crazy Yiuf
  5359 | D:5      | Killed Crazy Yiuf
  5608 | D:6      | Noticed Edmund
  5644 | D:6      | Killed Edmund
  5753 | D:6      | Reached XP level 8. HP: 9/61 MP: 2/8
  5924 | D:6      | Reached skill level 6 in Long Blades
  5924 | D:6      | Reached skill level 5 in Armour
  5982 | D:6      | Noticed Eustachio
  6092 | D:6      | Killed Eustachio
  6092 | D:6      | Reached skill level 5 in Shields
  6488 | D:6      | Reached ** piety under Okawaru
  6488 | D:6      | Reached skill level 5 in Fighting
  6536 | D:7      | Noticed Pikel
  6580 | D:7      | Killed Pikel
  6580 | D:7      | Reached skill level 1 in Invocations
  6580 | D:7      | Gained mutation: Your movements are less encumbered by
                  | armour. (ER -4) [demonic ancestry]
  6580 | D:7      | Reached XP level 9. HP: 65/68 MP: 6/9
  6647 | D:7      | Found a runed translucent door.
  6654 | D:7      | Noticed releu's ghost (novice TrWr)
  6718 | D:7      | Reached skill level 7 in Long Blades
  6722 | D:7      | Noticed Menkaure
  6766 | D:7      | Killed Menkaure
  6876 | D:7      | Found Guxah's General Store.
  6917 | D:7      | Noticed a two-headed ogre
  7159 | D:8      | Found a staircase to the Lair.
  7251 | D:8      | Reached *** piety under Okawaru
  7899 | D:9      | Noticed a troll
  7907 | D:9      | Killed a troll
  7907 | D:9      | Reached skill level 1 in Stealth
  7944 | D:9      | Reached skill level 8 in Long Blades
  8070 | D:9      | Noticed a troll
  8091 | D:9      | Killed a troll
  8091 | D:9      | Reached **** piety under Okawaru
  8091 | D:9      | Reached XP level 10. HP: 8/76 MP: 1/11
  8722 | D:10     | Entered Level 10 of the Dungeon
  8731 | D:10     | Found Taguowoy's Magic Scroll Shop.
  8778 | D:10     | Bought a scroll of magic mapping for 49 gold pieces
  9035 | D:10     | Noticed a cyclops
  9055 | D:10     | Killed a cyclops
  9055 | D:10     | Received a gift from Okawaru
 11072 | D:7      | Killed a two-headed ogre
 11072 | D:7      | Reached skill level 9 in Long Blades
 11346 | D:7      | Found an ornate altar of the Wu Jian Council.
 11346 | D:7      | Found a hide-covered altar of Uskayaw.
 11479 | D:7      | Killed releu's ghost
 11479 | D:7      | Reached ***** piety under Okawaru
 11603 | D:12     | Noticed a two-headed ogre
 11782 | D:11     | Killed a two-headed ogre
 11782 | D:11     | Reached XP level 11. HP: 13/83 MP: 2/13
 12460 | D:12     | Noticed an unseen horror
 12496 | D:12     | Killed an unseen horror
 12777 | D:12     | Noticed a skeletal warrior
 12777 | D:12     | Noticed a skeletal warrior
 12777 | D:12     | Noticed a skeletal warrior
 12777 | D:12     | Noticed a skeletal warrior
 12886 | D:11     | Killed a skeletal warrior
 12886 | D:11     | Received a gift from Okawaru
 12889 | D:11     | Got a faintly humming hat {god gift}
 12897 | D:11     | Identified the +0 hat of Zetiewko {-Tele rElec Int+5 Dex+2}
                  | (Okawaru gifted it to you on level 11 of the Dungeon)
 13278 | Lair:1   | Entered Level 1 of the Lair of Beasts
 13849 | Lair:1   | Found the +9 heavy crossbow "Sniper" {vorpal, Acc+∞ SInv}
 13850 | Lair:1   | Found a runed translucent gate.
 13851 | Lair:1   | Found a runed translucent gate.
 13852 | Lair:1   | Found a runed translucent gate.
 13855 | Lair:1   | Noticed a minotaur
 13864 | Lair:1   | Noticed Vew Pil's ghost (journeyman DrTm)
 14006 | Lair:1   | Noticed Maggie
 14012 | Lair:1   | Paralysed by Maggie for 6 turns
 14024 | Lair:1   | Paralysed by Maggie for 4 turns
 14031 | Lair:1   | Killed Maggie
 14291 | Lair:1   | Reached skill level 10 in Long Blades
 15386 | Lair:2   | Found a runed translucent door.
 15387 | Lair:2   | Found a shimmering altar of Xom.
 15387 | Lair:2   | Noticed Duaji's ghost (journeyman GrFi)
 15387 | Lair:2   | Noticed a +1 flail of chaos
 15657 | Lair:2   | HP: 1/84 [blink frog (6)]
 15686 | Lair:2   | Mangled by a blink frog

Illustrated notes

Levels and vault maps discovered:
D:1:      saegor_arrival_miasma, layout_basic, corner_web_ring,
          serial_bayou_ford_a
D:2:      cheibrodos_fertilizer, layout_basic, first_ration
D:3:      layout_basic, minmay_misc_feat_x, nicolae_xom_altar_mimics
D:4:      layout_gridville, temple_doors_e
D:5:      layout_loops_cross, grunt_temple_overflow_gold_and_silver,
          serial_shops, kennysheep_mini_moat, uniq_crazy_yiuf_cottage
D:6:      layout_rooms, uniq_edmund, uniq_eustachio
D:7:      layout_rooms, gammafunk_temple_overflow_elements, serial_shops,
          shop_coins, ebering_ghost_reflecting_pool, fountainhead, uniq_pikel,
          uniq_menkaure
D:8:      layout_rooms, lair_entry_dummy, grunt_ministairs_15
D:9:      layout_cave_pools, serial_park, serial_park_tiny_2,
          serial_park_square3 [serial_park_minivault_5x5_6], serial_park_avenue1
D:10:     layout_roguey, serial_shops, shop
D:11:     layout_gridville
D:12:     layout_rooms, erik_orc_2, hangedman_pestilent_swarm,
          kennysheep_kite_vault
Temple:   hc_temple_tempest_star
Lair:1:   layout_chaotic_city, maelrawn_ghost_gauntlet_escape,
          grunt_megastairs_3, lemuel_fruit_tree, uniq_maggie
Lair:2:   layout_cave_pods, ebering_ghost_xom

Skill      XL: |  1  2  3  4  5  6  7  8  9 10 11 |
---------------+----------------------------------+-----
Shields        | 3 4 5 6 8 9 |  9.5
Long Blades    | 2 3 4 5 6 8 9 10 | 10.2
Armour         | 3 4 5 6 7 |  7.5
Dodging        | 1 2 3 4 |  4.6
Fighting       | 4 5 6 7 |  7.3
Invocations    | 1 2 3 |  3.2
Stealth        | 2 |  2.1
Evocations     | |  0.9

Action                   |  1- 3 |  4- 6 |  7- 9 | 10-12 || total
-------------------------+-------+-------+-------+-------++-------
Melee: Long sword        |   101 |   169 |   515 |   823 ||  1608
Invok: Heroism           |       |       |    12 |    17 ||    29
Evoke: Wand              |       |       |     7 |     7 ||    14
  Use: Potion            |     3 |     1 |     5 |     6 ||    15
       Scroll            |       |     8 |     7 |     6 ||    21
 Stab: Paralysed         |       |       |     3 |       ||     3
  Eat: Chunk             |     2 |     7 |    12 |    12 ||    33
       Ration            |       |       |     1 |     4 ||     5
Armor: Scale mail        |    46 |    63 |     1 |       ||   110
       Chain mail        |       |       |   252 |   143 ||   395
       Plate armour      |       |       |       |   141 ||   141
Dodge: Dodged            |    37 |    47 |   203 |   160 ||   447
Block: Kite shield       |    48 |    79 |   342 |       ||   469
       Tower shield      |       |       |       |   707 ||   707
       Rpst.: Long sword |    15 |    12 |    67 |    39 ||   133
